 Dungeon Crawl Stone Soup version 0.27-a0-279-gdfb9265905 (webtiles) character file.

Game seed: 14412656002482395726

379668 wakim the Slayer (level 21, -2/209 HPs)
             Began as a Minotaur Fighter on Feb 7, 2021.
             Was the Champion of Trog.
             Killed from afar by an acid blob (13 damage)
             ... with a splash of acid
             ... on level 5 of the Lair of Beasts.
             The game lasted 03:38:30 (49306 turns).

wakim the Slayer (Minotaur Fighter)                Turns: 49306, Time: 03:38:31

Health: -2/209     AC: 23    Str: 34    XL:     21   Next: 87%
Magic:  20/20      EV: 15    Int:  4    God:    Trog [******]
Gold:   831        SH: 26    Dex: 13    Spells: 20/20 levels left

rFire    + . .     SeeInvis +   a - +9 demon whip (elec)
rCold    + + +     Faith    .   Y - +2 tower shield {reflect}
rNeg     + . .     Spirit   .   x - +4 storm dragon scales {Bai Suzhen}
rPois    +         Reflect  +   L - +2 hat {SInv}
rElec    +         Harm     .   r - +2 cloak {rPois}
rCorr    .         Rampage  .   K - +0 pair of gloves
Will     ++...                  R - +0 pair of boots {run}
Stlth    ++........             S - amulet of Rimaoli {Regen+ Str+2}
HPRegen  0.84/turn              X - ring of Fori {rPois rF+ Stlth+}
MPRegen  0.17/turn              W - ring of Suspicion {rC+++ rN+ Will+ Str+6 Int-3}

@: corroded, studying Maces & Flails, quick
A: retaliatory headbutt, horns 2, deformed body, deterioration 1, mutation
resistance 1
}: 2/15 runes: barnacled, gossamer
a: Renounce Religion, Berserk, Trog's Hand, Brothers in Arms


You were on level 5 of the Lair of Beasts.
You worshipped Trog.
Trog was exalted by your worship.
You visited 8 branches of the dungeon, and saw 37 of its levels.
You also visited: Ice Cave and Wizlab.

You collected 4344 gold pieces.
You spent 3513 gold pieces at shops.

Inventory:

Hand Weapons
 a - a +9 demon whip of electrocution (weapon)
 b - a +4 eveningstar
Missiles
 e - 98 boomerangs (quivered)
 g - 67 poisoned darts
 z - 61 javelins
Armour
 r - a +2 cloak of poison resistance (worn)
 x - +4 storm dragon scales (worn) {Bai Suzhen}
 F - a +4 chain mail of cold resistance
 K - a +0 pair of gloves (worn)
 L - a +2 hat of see invisible (worn)
 P - the +2 pair of boots "Ischus" {rElec Stlth+}
   (You found it on level 3 of the Vaults)

   It insulates you from electricity.
   It makes you more stealthy.
 R - a +0 pair of boots of running (worn)
 Y - a +2 tower shield of reflection (worn)
Jewellery
 n - the ring "Tero" {Wiz rElec Dex+3}
   (You took it off Donald on level 4 of the Shoals)

   [ring of wizardry]

   It improves your spell success rate.
   It affects your dexterity (+3).
   It insulates you from electricity.
 q - a +4 ring of protection
 u - an uncursed ring of protection from fire
 H - an uncursed ring of resist corrosion
 I - the ring of Circularity {*Contam rPois Will+ Dex+2 Slay+2}
   (You found it on level 2 of the Shoals)

   [ring of willpower]

   It affects your dexterity (+2).
   It affects your accuracy and damage with ranged weapons and melee attacks
   (+2).
   It protects you from poison.
   It affects your willpower, your defense against some magical effects.
   It causes magical contamination when unequipped.
 J - a +4 ring of slaying
 O - the ring of Qazlal's Castigation {Str+3 Dex+4 SInv}
   (You found it on level 6 of the Lair of Beasts)

   [ring of see invisible]

   It affects your strength (+3).
   It affects your dexterity (+4).
   It lets you see invisible.
 Q - a +6 ring of strength
 S - the amulet of Rimaoli (around neck) {Regen+ Str+2}
   (You found it on level 3 of the Spider Nest)

   [amulet of regeneration]

   It affects your strength (+2).
   It increases your rate of regeneration.
 W - the ring of Suspicion (right hand) {rC+++ rN+ Will+ Str+6 Int-3}
   (You found it on level 3 of the Spider Nest)

   [ring of strength]

   It affects your strength (+6).
   It affects your intelligence (-3).
   It renders you almost immune to cold.
   It protects you from negative energy.
   It affects your willpower, your defense against some magical effects.
 X - the ring of Fori (left hand) {rPois rF+ Stlth+}
   (You took it off a merfolk impaler on level 4 of the Shoals)

   [ring of poison resistance]

   It protects you from fire.
   It protects you from poison.
   It makes you more stealthy.
Wands
 M - a wand of paralysis (40)
 N - a wand of digging (15)
Scrolls
 c - 5 scrolls of enchant armour
 f - 18 scrolls of identify
 j - 8 scrolls of immolation
 l - 14 scrolls of magic mapping
 m - 27 scrolls of teleportation
 o - 19 scrolls of remove curse
 p - 14 scrolls of fog
 s - 4 scrolls of blinking
 w - 3 scrolls of summoning
 y - 8 scrolls of fear
 B - a scroll of acquirement
 E - a scroll of silence
 U - a scroll of enchant weapon
 Z - 4 scrolls of holy word
Potions
 d - 4 potions of might
 h - 15 potions of ambrosia
 i - 5 potions of haste
 k - 15 potions of curing
 t - 10 potions of flight
 v - 12 potions of heal wounds
 A - 7 potions of attraction
 C - 4 potions of cancellation
 D - 2 potions of invisibility
 G - 5 potions of magic
 V - 2 potions of resistance


   Skills:
 * Level 22.7 Fighting
 + Level 19.1 Maces & Flails
 * Level 15.9 Throwing
 - Level 20.0 Armour
 + Level 13.4 Dodging
 + Level 10.3 Stealth
 * Level 17.4 Shields


You had 20 spell levels left.
You didn't know any spells.
Your spell library contained the following spells:

 Spells                   Type           Power        Failure   Level
 Animate Skeleton         Necr           0%           98%         1
 Apportation              Tloc           0%           98%         1
 Corona                   Hex            0%           98%         1
 Summon Small Mammal      Summ           0%           98%         1


Dungeon Overview and Level Annotations

Branches:
Dungeon (15/15)            Temple (1/1) D:7            Lair (6/6) D:10
 Shoals (4/4) Lair:4       Spider (4/4) Lair:4        Slime (1/5) Lair:5
    Orc (2/2) D:11            Elf (0/3) Orc:2        Vaults (4/5) D:14
  Crypt (0/3) Vaults:2     Depths (0/5) D:15          IceCv (visited)
 WizLab (visited)

Altars:
Ashenzari
Cheibriados
Dithmenos
Elyvilon
Fedhas
Gozag
Hepliaklqana
Kikubaaqudgha
Makhleb
Nemelex Xobeh
Okawaru
Qazlal
Ru
Sif Muna
Trog
Uskayaw
Vehumet
Wu Jian
Xom
Yredelemnul
Zin
The Shining One
Beogh

Shops:
D:6 :=*[   D:9 ?   D:11 [(   D:14 [   Orc:2 =*[=(   Shoals:2 *   Vaults:1 *

Portals:
Abyss: Spider:3
Trove: D:13 (give +2 shadow dragon scales)


Innate Abilities, Weirdness & Mutations

You reflexively headbutt those who attack you in melee.
You have a pair of horns on your head.
Armour fits poorly on your strangely shaped body.
Your body sometimes deteriorates upon taking damage.
You are somewhat resistant to further mutation.


Message History

A large slime creature splits.
Two slime creatures merge to form a large slime creature.
The acid blob spits acid at you.
The splash of acid hits you but does no damage.
The acid corrodes you!
You are splashed with acid!
* * * LOW HITPOINT WARNING * * *
The acid blob spits acid at you. The splash of acid hits you.
* * * LOW HITPOINT WARNING * * *
You are splashed with acid!
* * * LOW HITPOINT WARNING * * *
The acid blob spits acid at you. The splash of acid hits you.
* * * LOW HITPOINT WARNING * * *
You are splashed with acid!
* * * LOW HITPOINT WARNING * * *
The acid blob jiggles.
The acid blob spits acid at you. The splash of acid hits you!
You die...

P##...P....JJP.J...............#.
.##..P.P#....P...J...#....##...##
.###..P.#...P..J.....#....##.##..
#####.##.......J...........P+....
.#P..'#..≈..##..#...#......P.....
..........≈.≈##..#./.............
......≈.≈.≈≈≈....................
......≈≈≈≈≈≈.....................
^......≈...≈≈...@................
......≈≈...≈.....................
#....≈.≈.≈≈≈≈.............#P....#
##...≈≈≈≈≈..≈#...P###.....##P..##
.....≈≈.......##..# #......##...#
##..#........#.#+.###P.....P.....
##............##....##..........#
#...............................#
......#........###.#P.......#...#


You could see 2 acid blobs and a slime creature.

Vanquished Creatures
  A dread lich (WizLab)
  Bai Suzhen (Spider:4)
  Arachne (Spider:2)
  Rupert (Lair:4)
  A lich (Vaults:3)
  Jorgrun (Spider:1)
  The ghost of Qoinem the Severer, an adept DDFi of Okawaru (Vaults:3)
  The ghost of MartinH the Hoplite, an adept MiFi of Trog (Spider:3)
  Polyphemus (Shoals:3)
  An acid blob (Slime:1)
  Agnes (Spider:3)
  3 krakens
  Frances (Spider:2)
  A storm dragon (Vaults:4)
  Donald (Shoals:4)
  Ilsuiw (Shoals:3)
  The ghost of Guqom the Severer, a journeyman MiBe of Trog (Shoals:2)
  A fire giant (Vaults:4)
  3 frost giants
  A deep elf sorcerer (Vaults:1)
  11 vault wardens
  4 emperor scorpions
  A caustic shrike zombie (WizLab)
  A cacodemon (Spider:3)
  4 ghost moths (Spider:4)
  An orc warlord (Orc:1)
  7 stone giants
  A juggernaut zombie (WizLab)
  17 ironheart preservers
  A deep elf demonologist (Vaults:4)
  2 deep elf annihilators
  A dire elephant (D:15)
  Azrael (Spider:3)
  A minotaur (Shoals:1)
  3 spark wasps
  An entropy weaver (Spider:1)
  An eidolon (Vaults:2)
  An ettin (Vaults:4)
  5 merfolk javelineers
  2 deep elf death magi
  A crystal guardian (Vaults:3)
  2 fire dragons
  4 merfolk impalers
  3 mummy priests (WizLab)
  2 blizzard demons (IceCv)
  2 great orbs of eyes
  2 rakshasas
  12 vault guards
  4 yaktaur captains
  7 ice dragons
  The ghost of ma3 the Fighter, a journeyman GnWn of Gozag (D:10)
  9 hydras
  8 boulder beetles
  3 merfolk avatars
  A catoblepas (Shoals:3)
  Erica (Lair:1)
  4 merfolk aquamancers
  A spectral fire giant (Vaults:3)
  3 death knights
  The ghost of Life0 the Basher, a novice MiBe of Trog (D:8)
  2 dancing weapons (D:14)
  7 centaur warriors
  2 alligator snapping turtles (Shoals:2)
  5 satyrs
  10 ogre magi
  A hell hog (Spider:3)
  A vampire mage (Vaults:2)
  A deep troll shaman (Vaults:4)
  21 two-headed ogres
  A tengu warrior (D:13)
  3 orc high priests (Orc:2)
  4 death yaks (Shoals:4)
  2 deep troll earth magi
  Nergalle (D:9)
  A spectral storm dragon (Vaults:3)
  A thrashing horror (Spider:3)
  8 deep elf knights
  7 skeletal warriors
  The ghost of PeterLawrence the Cleaver, a novice MiFi of Okawaru (D:7)
  2 shadow wraiths (Vaults:3)
  11 sea snakes
  20 deep trolls
  A spark wasp zombie (WizLab)
  2 unseen horrors
  A death drake (shapeshifter) (Vaults:4)
  A golden dragon zombie (WizLab)
  2 flayed ghosts (Vaults:4)
  2 lindwurms (Lair:6)
  A tengu zombie (WizLab)
  3 phantasmal warriors
  A glowing orange brain (Spider:3)
  2 wizards (Vaults:3)
  Pikel (D:9)
  13 deep elf archers
  A harpy (shapeshifter) (Vaults:2)
  A wolf spider zombie (D:15)
  11 ironbrand convokers
  11 deep elf zephyrmancers
  9 orc sorcerers
  A necromancer (Vaults:2)
  29 ugly things
  21 orc knights
  12 deep elf pyromancers
  11 harpies
  A spectral ettin (Vaults:3)
  42 wolf spiders
  A salamander (shapeshifter) (Vaults:1)
  15 manticores
  18 orb spiders
  12 fauns
  A human zombie (Vaults:2)
  A stone giant zombie (WizLab)
  4 oklob plants
  10 cyclopes
  11 vault sentinels
  6 moths of wrath
  Maurice (D:8)
  A black mamba (shapeshifter) (Vaults:1)
  3 ice statues (IceCv)
  8 merfolk sirens
  A demonspawn zombie (WizLab)
  3 black mambas
  Joseph (D:8)
  7 elephants
  7 centaur skeletons
  6 water nymphs
  7 torpor snails
  Maggie (D:9)
  21 cane toads
  2 storm dragon simulacra (Vaults:3)
  9 komodo dragons
  Psyche (D:8)
  A yaktaur (shapeshifter) (Vaults:1)
  2 tengu conjurers
  7 freezing wraiths
  A hellion (Spider:3)
  9 ice devils (IceCv)
  37 yaktaurs
  An anaconda simulacrum (IceCv)
  A komodo dragon (shapeshifter) (Vaults:2)
  17 demonic crawlers
  4 guardian mummies (WizLab)
  35 jumping spiders
  3 tyrant leeches (Lair:6)
  4 trolls
  A meliai (shapeshifter) (Vaults:2)
  3 wind drakes
  3 meliai (Shoals:1)
  Grinder (D:6)
  28 merfolk
  A jumping spider (shapeshifter) (Vaults:3)
  A hornet (shapeshifter) (Vaults:4)
  10 polar bears
  16 hornets
  A blink frog (shapeshifter) (Vaults:4)
  49 blink frogs
  17 dream sheep
  A harpy skeleton (D:14)
  12 snapping turtles
  3 raiju
  40 slime creatures
  2 stone giant simulacra
  A deep troll zombie (WizLab)
  6 water elementals
  2 shadows
  42 tarantellas
  19 flying skulls (D:15)
  6 wyverns
  4 wraiths
  75 redbacks
  4 basilisks
  A dire elephant simulacrum (IceCv)
  2 fire elementals (Spider:3)
  38 yaks
  A golden eye (shapeshifter) (Vaults:2)
  An elf simulacrum (Vaults:3)
  4 human simulacra
  A steam dragon (Lair:3)
  A yaktaur simulacrum (Vaults:3)
  9 wargs
  An iron troll simulacrum (IceCv)
  A swamp worm (Lair:2)
  4 harpy simulacra (IceCv)
  17 water moccasins
  4 acid dragons
  2 hydra simulacra (IceCv)
  18 hell hounds
  A sky beast (D:15)
  49 orc warriors
  2 elf zombies (WizLab)
  12 black bears
  An eye of draining (D:11)
  6 ice beasts
  A necrophage (D:10)
  An orc skeleton (Vaults:2)
  An ettin simulacrum (IceCv)
  34 ogres
  26 wolves
  12 centaurs
  4 phantoms
  A lemure (D:9)
  3 big kobolds
  23 bullfrogs
  Blork the orc (D:5)
  A glowing shapeshifter simulacrum (Vaults:3)
  6 scorpions
  57 killer bees
  23 wights
  5 electric eels
  5 howler monkeys
  5 centaur zombies
  A bullfrog zombie (D:6)
  6 jellies
  10 hounds
  5 bullfrog skeletons
  22 orc priests
  3 iguanas
  28 orc wizards
  21 worker ants
  Natasha (D:2)
  2 hound zombies (D:6)
  2 hound skeletons
  A worker ant zombie (D:10)
  Robin (D:2)
  18 adders
  3 gnolls (D:2)
  2 shadow imps
  5 white imps
  5 ufetubi
  2 oozes
  An ooze (shapeshifter) (Spider:3)
  An adder skeleton (D:9)
  2 worms
  A dart slug (D:2)
  4 leopard geckos
  111 orcs
  2 ball pythons (D:3)
  9 bats
  5 giant cockroaches
  14 goblins
  9 hobgoblins
  24 jackals
  7 quokkas
  8 frilled lizards
  A giant cockroach zombie (D:5)
  9 kobolds
  2 leopard gecko skeletons
  A leopard gecko zombie (D:5)
  A quokka zombie (D:9)
  13 rats
  A butterfly (D:11)
  4 tentacles
1834 creatures vanquished.

Vanquished Creatures (collateral kills)
  Roxanne (D:14)
  A shadow (D:14)
2 creatures vanquished.

Vanquished Creatures (others)
  Asterion (Spider:4)
  A merfolk aquamancer (Shoals:4)
  An orc priest (Orc:1)
  A bullfrog skeleton (D:10)
  An adder (D:10)
  An orc (Vaults:3)
  42 fungi
  249 plants
  19 tentacles
316 creatures vanquished.

Grand Total: 2152 creatures vanquished

Notes
Turn   | Place    | Note
-------+----------+-------------------------------------------
     0 | D:1      | wakim the Minotaur Fighter began the quest for the Orb.
     0 | D:1      | Reached XP level 1. HP: 19/19 MP: 0/0
   236 | D:1      | Reached XP level 2. HP: 25/27 MP: 1/1
  1066 | D:2      | Reached XP level 3. HP: 30/33 MP: 2/2
  1072 | D:2      | Reached skill level 4 in Fighting
  1193 | D:2      | Reached XP level 4. HP: 34/40 MP: 3/3
  1303 | D:2      | Noticed Robin
  1332 | D:2      | Killed Robin
  1339 | D:2      | Reached skill level 1 in Throwing
  1579 | D:2      | Found an opulent altar of Gozag.
  1842 | D:2      | Noticed Natasha
  1850 | D:2      | Killed Natasha
  1851 | D:2      | Reached XP level 5. HP: 39/46 MP: 4/4
  2269 | D:3      | Reached skill level 5 in Armour
  2457 | D:4      | Noticed an ogre
  2538 | D:4      | Reached XP level 6. HP: 39/53 MP: 5/5
  3035 | D:4      | Reached skill level 5 in Maces & Flails
  3344 | D:4      | Reached skill level 5 in Fighting
  3344 | D:4      | Reached skill level 5 in Shields
  3344 | D:4      | Reached XP level 7. HP: 61/61 MP: 6/6
  3693 | D:5      | Entered Level 5 of the Dungeon
  3736 | D:5      | Noticed Blork the orc
  3749 | D:5      | Killed Blork the orc
  4424 | D:5      | Found a bloodstained altar of Trog.
  4442 | D:5      | Became a worshipper of Trog the Wrathful
  4841 | D:5      | Reached XP level 8. HP: 47/69 MP: 7/7
  5160 | D:6      | Found Giestruc's Jewellery Shoppe.
  5195 | D:6      | Found Dinun's Assorted Antiques.
  5245 | D:6      | Reached * piety under Trog
  5722 | D:6      | Reached skill level 6 in Fighting
  6322 | D:6      | Noticed Grinder
  6333 | D:6      | Paralysed by Grinder for 2 turns
  6350 | D:6      | Paralysed by Grinder for 6 turns
  6357 | D:6      | Killed Grinder
  6459 | D:6      | Found Decwuyja's Book Emporium.
  6684 | D:6      | Found Duir's Antique Armour Boutique.
  7099 | D:7      | Reached XP level 9. HP: 78/78 MP: 8/8
  7136 | D:7      | Found an ancient bone altar of Kikubaaqudgha.
  7162 | D:7      | Found a staircase to the Ecumenical Temple.
  7175 | Temple   | Entered the Ecumenical Temple
  7414 | D:7      | Found a stormy altar of Qazlal.
  7493 | D:7      | Reached ** piety under Trog
  7524 | D:7      | Found a runed translucent door.
  7534 | D:7      | Noticed PeterLawrence's ghost (novice MiFi)
  8064 | D:8      | Reached skill level 7 in Fighting
  8146 | D:8      | Reached *** piety under Trog
  8148 | D:8      | Reached skill level 10 in Armour
  8191 | D:8      | Reached skill level 10 in Maces & Flails
  8194 | D:8      | Reached XP level 10. HP: 29/88 MP: 9/9
  8478 | D:8      | Noticed Maurice
  8540 | D:8      | Killed Maurice
  8541 | D:8      | Reached skill level 8 in Fighting
  9046 | D:8      | Found a runed translucent door.
  9046 | D:8      | Noticed Life0's ghost (novice MiBe)
  9220 | D:8      | Noticed Psyche
  9235 | D:8      | Killed Psyche
  9283 | D:8      | Noticed Joseph
  9297 | D:8      | Killed Joseph
 10098 | D:9      | Found Vatifyk's Magic Scroll Emporium.
 10184 | D:9      | Noticed Maggie
 10185 | D:9      | Noticed Pikel
 10199 | D:9      | Killed Maggie
 10217 | D:9      | Killed Pikel
 10726 | D:10     | Entered Level 10 of the Dungeon
 10726 | D:10     | Noticed Nergalle
 10745 | D:9      | Killed Nergalle
 10746 | D:9      | Reached skill level 9 in Fighting
 10746 | D:9      | Reached XP level 11. HP: 97/97 MP: 10/10
 10918 | D:10     | Noticed a two-headed ogre
 11101 | D:10     | Found an ornate altar of the Wu Jian Council.
 11152 | D:10     | Found a runed translucent door.
 11152 | D:10     | Noticed ma3's ghost (journeyman GnWn)
 11199 | D:10     | Reached **** piety under Trog
 11331 | D:10     | Killed a two-headed ogre
 11435 | D:10     | Found a staircase to the Lair.
 11557 | D:10     | Noticed a boulder beetle
 11560 | D:10     | Noticed an ogre mage
 11568 | D:10     | Paralysed by an ogre mage for 2 turns
 11575 | D:10     | Killed an ogre mage
 11592 | D:10     | Killed a boulder beetle
 11719 | D:10     | Noticed a red ugly thing
 11720 | D:10     | Noticed a deep elf pyromancer
 11737 | D:10     | Killed a red ugly thing
 11749 | D:10     | Killed a deep elf pyromancer
 11928 | D:10     | Noticed a two-headed ogre
 11937 | D:10     | Killed a two-headed ogre
 11938 | D:10     | Reached skill level 10 in Fighting
 11938 | D:10     | Reached skill level 10 in Shields
 12146 | D:10     | Killed an unseen horror
 12146 | D:10     | Reached ***** piety under Trog
 12169 | D:10     | Reached skill level 5 in Throwing
 13041 | D:10     | Noticed a deep elf archer
 13041 | D:10     | Noticed a wolf spider
 13047 | D:10     | Killed a wolf spider
 13064 | D:10     | Killed a deep elf archer
 13065 | D:10     | Reached XP level 12. HP: 104/107 MP: 11/11
 13642 | D:7      | Killed PeterLawrence's ghost
 13828 | D:8      | Killed Life0's ghost
 14008 | D:10     | Killed ma3's ghost
 14060 | D:11     | Found Mujuwk's Armour Shoppe.
 14064 | D:11     | Found a staircase to the Orcish Mines.
 14073 | D:11     | Found Ranigiur's Weapon Shoppe.
 14177 | Lair:1   | Entered Level 1 of the Lair of Beasts
 14177 | Lair:1   | Noticed Erica
 14188 | Lair:1   | Killed Erica
 14189 | Lair:1   | Reached skill level 11 in Fighting
 14667 | Lair:1   | Reached skill level 15 in Maces & Flails
 14806 | Lair:1   | Noticed a six-headed hydra
 14815 | Lair:1   | Killed a six-headed hydra
 15320 | Lair:2   | Reached skill level 12 in Fighting
 15570 | Lair:2   | Got a faintly glowing granite ring
 15720 | Lair:1   | Identified the cursed ring "Isecagh Utto" {rPois rF+ Slay-4
                  | Stlth+} (You found it on level 2 of the Lair of Beasts)
 15814 | Lair:2   | Noticed a seven-headed hydra
 15826 | Lair:2   | Killed a seven-headed hydra
 15827 | Lair:2   | Reached XP level 13. HP: 59/119 MP: 12/12
 16322 | Lair:2   | Received a gift from Trog
 17581 | Lair:4   | Found a staircase to the Shoals.
 17592 | Lair:4   | Reached skill level 13 in Fighting
 17739 | Lair:4   | Noticed Rupert
 18103 | Lair:4   | Killed Rupert
 18108 | Lair:4   | Found a hole to the Spider Nest.
 18854 | Lair:5   | Reached XP level 14. HP: 129/129 MP: 13/13
 19015 | Lair:5   | Reached skill level 1 in Dodging
 19244 | Lair:5   | Found a staircase to the Slime Pits.
 19776 | Lair:6   | Entered Level 6 of the Lair of Beasts
 19931 | Lair:6   | Received a gift from Trog
 20312 | Lair:6   | Reached ****** piety under Trog
 20326 | Lair:6   | Reached skill level 14 in Fighting
 20500 | Lair:6   | Got a scintillating pewter ring
 20506 | Lair:6   | Identified the ring of Qazlal's Castigation {Str+3 Dex+4
                  | SInv} (You found it on level 6 of the Lair of Beasts)
 20640 | Lair:6   | Identified a scroll of acquirement
 20640 | Lair:6   | Acquired a +2 hat of see invisible
 20957 | Lair:6   | Received a gift from Trog
 20965 | Lair:6   | Reached skill level 5 in Dodging
 21139 | Lair:6   | Found a runed translucent door.
 21581 | Lair:6   | Reached XP level 15. HP: 93/139 MP: 14/14
 22171 | D:6      | Bought a manual of Fighting for 1214 gold pieces
 22351 | D:11     | Found a runed translucent door.
 22353 | D:11     | Found a runed translucent door.
 22684 | D:12     | Found Ibawn's Armour Shop.
 22822 | D:12     | Received a gift from Trog
 23327 | Orc:1    | Entered Level 1 of the Orcish Mines
 23474 | Orc:1    | Reached skill level 15 in Shields
 23497 | Orc:1    | Found a roughly hewn altar of Beogh.
 23695 | Orc:2    | Entered Level 2 of the Orcish Mines
 23788 | Orc:2    | Found Ivvuac Taes's Jewellery Shop.
 24461 | Orc:2    | Found a staircase to the Elven Halls.
 24664 | Orc:2    | Noticed an orc warlord
 24709 | Orc:2    | Received a gift from Trog
 24728 | Orc:2    | Reached skill level 15 in Fighting
 24869 | Orc:1    | Killed an orc warlord
 25645 | Orc:2    | Reached skill level 10 in Throwing
 25676 | Orc:2    | Found Kitiralo's General Store.
 25677 | Orc:2    | Found Zockuw's Jewellery Boutique.
 25679 | Orc:2    | Found Huese's Antique Armour Boutique.
 25679 | Orc:2    | Found Ebimuc's Antique Weapon Shop.
 26027 | D:13     | Found a portal to a secret trove of treasure.
 26375 | D:14     | Identified Roxanne's Guide on Transmutation
 26375 | D:14     | Noticed Roxanne
 26385 | D:14     | Killed Roxanne
 27349 | D:14     | Found a gate to the Vaults.
 27352 | D:14     | Found Keoggaf's Antique Armour Shop.
 27426 | D:14     | Received a gift from Trog
 27427 | D:14     | Reached skill level 16 in Fighting
 27512 | D:14     | Reached skill level 15 in Armour
 28059 | D:15     | Entered Level 15 of the Dungeon
 28629 | D:14     | Reached XP level 16. HP: 152/152 MP: 15/15
 28845 | D:15     | Found a shadowy altar of Dithmenos.
 29066 | D:15     | Found the +3 giant club "Skullcrusher" {speed, Str+7}
 29183 | D:15     | Received a gift from Trog
 29190 | D:15     | Reached skill level 17 in Fighting
 29411 | D:15     | Found a staircase to the Depths.
 29867 | D:6      | Bought a masterwork plate armour for 756 gold pieces
 29867 | D:6      | Bought a transparent kite shield for 256 gold pieces
 29867 | D:6      | Identified the +3 plate armour "Biytipio" {rPois Dex+6}
                  | (You bought it in a shop on level 6 of the Dungeon)
 29868 | D:6      | Identified the +2 kite shield of Elys {Int+3} (You bought
                  | it in a shop on level 6 of the Dungeon)
 30087 | Spider:1 | Entered Level 1 of the Spider Nest
 30226 | Spider:1 | Found a frozen archway.
 30233 | IceCv    | Entered an ice cave
 30615 | IceCv    | Received a gift from Trog
 30956 | Spider:1 | Noticed Jorgrun
 30970 | Spider:1 | Killed Jorgrun
 30971 | Spider:1 | Reached skill level 18 in Fighting
 30971 | Spider:1 | Reached skill level 10 in Dodging
 30975 | Spider:1 | Reached skill level 1 in Stealth
 31753 | Spider:2 | Reached XP level 17. HP: 166/166 MP: 16/16
 31764 | Spider:2 | Noticed Frances
 31770 | Spider:2 | Received a gift from Trog
 31771 | Spider:2 | Got an iridescent morningstar {god gift}
 31782 | Spider:2 | Killed Frances
 31796 | Spider:1 | Identified the +4 morningstar "Bielaem" {vorpal, rElec
                  | Dex+4} (Trog gifted it to you on level 2 of the Spider
                  | Nest)
 31900 | Spider:2 | HP: 4/166 [spark wasp/living lightning (18)]
 32289 | Spider:2 | Got a slimy chain mail
 32290 | Spider:2 | Identified the +2 chain mail of Feasting {-Tele Regen+ MP-9
                  | Stlth+} (You found it on level 2 of the Spider Nest)
 32678 | Spider:3 | Found a transporter.
 32683 | Spider:3 | Noticed Agnes
 32800 | Spider:3 | Noticed Arachne
 32814 | Spider:2 | Killed Arachne
 32815 | Spider:2 | Reached skill level 19 in Fighting
 33212 | D:14     | Bought a masterwork plate armour for 952 gold pieces
 33212 | D:14     | Identified the cursed +1 plate armour "Xiep" {Int+4} (You
                  | bought it in a shop on level 14 of the Dungeon)
 33902 | Spider:3 | Noticed Azrael
 33930 | Spider:3 | Killed Azrael
 34056 | Spider:3 | Found a transporter.
 34156 | Spider:3 | Killed Agnes
 34202 | Spider:3 | Received a gift from Trog
 34359 | Spider:3 | Noticed MartinH's ghost (adept MiFi)
 34377 | Spider:3 | Found a transporter.
 34384 | Spider:3 | Found a one-way gate to the infinite horrors of the Abyss.
 34405 | Spider:3 | Found a transporter.
 34658 | Spider:3 | Gained mutation: You are somewhat resistant to further
                  | mutation. [a cacodemon]
 34662 | Spider:3 | Gained mutation: Your body sometimes deteriorates upon
                  | taking damage. [a cacodemon]
 34779 | Spider:3 | Reached skill level 5 in Stealth
 34887 | Spider:3 | Got a bound garnet amulet
 34900 | Spider:3 | Got a vibrating tin ring
 34901 | Spider:3 | Identified the amulet of Rimaoli {Regen+ Str+2} (You found
                  | it on level 3 of the Spider Nest)
 34902 | Spider:3 | Identified the ring of Suspicion {rC+++ rN+ Will+ Str+6
                  | Int-3} (You found it on level 3 of the Spider Nest)
 35067 | Spider:3 | Killed MartinH's ghost
 35228 | Spider:4 | Entered Level 4 of the Spider Nest
 35320 | Spider:4 | Noticed Bai Suzhen
 35343 | Spider:4 | Killed Bai Suzhen
 35864 | Spider:4 | Noticed Asterion
 35885 | Spider:4 | Killed Asterion
 35924 | Spider:4 | Received a gift from Trog
 35964 | Spider:4 | Reached XP level 18. HP: 53/178 MP: 7/17
 36768 | Spider:4 | Received a gift from Trog
 36825 | Spider:4 | Reached skill level 20 in Fighting
 36887 | Spider:4 | Got a gossamer rune of Zot
 37107 | Shoals:1 | Entered Level 1 of the Shoals
 37183 | Shoals:1 | Found a hide-covered altar of Uskayaw.
 37464 | Shoals:1 | Found the +4 Cigotuvi's embrace {rMiasma *Drain rN+}
 37892 | Shoals:2 | Found a transporter.
 38286 | Shoals:2 | Found a transporter.
 38374 | Shoals:2 | Found Cufidumu's Assorted Antiques.
 38429 | Shoals:2 | Bought a scroll labelled SIMARIO ROGUOCH for 39 gold pieces
 38573 | Shoals:2 | Noticed Guqom's ghost (journeyman MiBe)
 38805 | Shoals:2 | Killed Guqom's ghost
 38938 | Shoals:2 | Got a sparkling ivory ring
 38939 | Shoals:2 | Identified the ring of Circularity {*Contam rPois Will+
                  | Dex+2 Slay+2} (You found it on level 2 of the Shoals)
 39715 | Shoals:4 | Entered Level 4 of the Shoals
 39718 | Shoals:4 | Noticed Polyphemus
 39743 | Shoals:3 | Killed Polyphemus
 39758 | Shoals:3 | Noticed Ilsuiw
 39760 | Shoals:3 | Received a gift from Trog
 39779 | Shoals:3 | Killed Ilsuiw
 39898 | Shoals:4 | Reached XP level 19. HP: 187/187 MP: 18/18
 39999 | Shoals:4 | Got a barnacled rune of Zot
 40009 | Shoals:4 | Identified the ring "Tero" {Wiz rElec Dex+3}
 40009 | Shoals:4 | Noticed Donald
 40053 | Shoals:4 | Killed Donald
 40424 | Shoals:4 | Identified the ring of Fori {rPois rF+ Stlth+}
 41052 | Vaults:1 | Entered Level 1 of the Vaults
 41208 | Vaults:1 | Received a gift from Trog
 41230 | Vaults:1 | Reached skill level 21 in Fighting
 41854 | Vaults:1 | Received a gift from Trog
 41885 | Vaults:1 | Acquired a manual of Maces & Flails
 42352 | Vaults:1 | Found Kuesm's General Store.
 42371 | Vaults:1 | Bought a +2 tower shield of reflection for 296 gold pieces
 43263 | Vaults:2 | Reached XP level 20. HP: 163/198 MP: 19/19
 43265 | Vaults:2 | Received a gift from Trog
 43403 | Vaults:2 | Found a staircase to the Crypt.
 43998 | Vaults:2 | Received a gift from Trog
 44802 | Vaults:3 | Found a magical portal.
 44849 | WizLab   | Entered Doroklohe's Tomb
 45310 | WizLab   | Noticed a dread lich
 45339 | WizLab   | Killed a dread lich
 45363 | WizLab   | Received a gift from Trog
 45446 | WizLab   | Gained mutation: Armour fits poorly on your strangely
                  | shaped body. [mutagenic glow]
 45518 | WizLab   | Acquired a +0 pair of boots of running
 45772 | Vaults:3 | Reached skill level 22 in Fighting
 45918 | Vaults:3 | Reached skill level 15 in Throwing
 46007 | Vaults:3 | You fall into a shaft and drop 1 floor!
 46160 | Vaults:4 | Reached XP level 21. HP: 143/207 MP: 20/20
 46602 | Vaults:4 | Received a gift from Trog
 46965 | Vaults:3 | Found a runed translucent gate.
 46965 | Vaults:3 | Found a runed translucent gate.
 46965 | Vaults:3 | Found a runed translucent gate.
 46965 | Vaults:3 | Noticed Qoinem's ghost (adept DDFi)
 47433 | Vaults:3 | Reached skill level 10 in Stealth
 47588 | Vaults:3 | Received a gift from Trog
 47973 | Vaults:3 | Killed Qoinem's ghost
 47988 | Vaults:3 | Got a pair of steaming boots
 47997 | Vaults:3 | Identified the +2 pair of boots "Ischus" {rElec Stlth+}
                  | (You found it on level 3 of the Vaults)
 48626 | Vaults:4 | Received a gift from Trog
 48629 | Vaults:4 | Got a pitted long sword {god gift}
 48630 | Vaults:4 | Identified the +9 long sword of the Orb {vorpal, Fragile
                  | rElec rC+ Will+ Str+5} (Trog gifted it to you on level 4 of
                  | the Vaults)
 49254 | Slime:1  | Entered Level 1 of the Pits of Slime
 49302 | Lair:5   | HP: 8/209 [acid (13)]
 49306 | Lair:5   | Killed from afar by an acid blob

Illustrated notes

Levels and vault maps discovered:
D:1:      lemuel_arrival_cross, layout_basic, serial_rivers,
          chequers_serial_rivers_micro_c, chequers_serial_rivers_micro_e,
          chequers_serial_rivers_micro_a, chequers_serial_rivers_room_a,
          chequers_serial_rivers_small_b, chequers_serial_rivers_marsh,
          minivault_25, kennysheep_doodads, minmay_statues_item
D:2:      layout_loops_ring, grunt_gozag_breadcrumbs, uniq_robin, uniq_natasha
D:3:      layout_rooms
D:4:      layout_loops_ring
D:5:      layout_basic, minmay_door_square, trog_three_pillars_becter,
          uniq_blork_the_orc
D:6:      layout_basic, serial_shops, shop_fountains, nicolae_shop_behind_doors,
          shop, shop, uniq_grinder
D:7:      layout_cave_pools, kennysheep_little_box, minmay_temple_entry_mist,
          ebering_ghost_reflecting_pool, nicolae_qazlal_general_emergency
D:8:      wad_woods_minihive, layout_basic, serial_curves, eino_curves_02,
          eino_curves_02, ebering_ghost_inner_flame, uniq_joseph, uniq_psyche,
          uniq_maurice
D:9:      layout_cross, serial_shops, nicolae_shop_waterfront, uniq_pikel,
          uniq_maggie
D:10:     nzn_winding_woodlands_large [nzn_winding_woodlands_5x5_three,
          nzn_winding_woodlands_5x15_lazy_stream,
          nzn_winding_woodlands_5x5_cross, nzn_winding_woodlands_center_lodge,
          nzn_winding_woodlands_15x15_five_gardens,
          nzn_winding_woodlands_center_triple_pond,
          nzn_winding_woodlands_5x5_perimeter,
          nzn_winding_woodlands_5x15_split_checker,
          nzn_winding_woodlands_5x5_default], layout_irregular_city,
          hellmonk_ghost_happy_afterlife, david_defended_altar_elf,
          uniq_nergalle
D:11:     lemuel_insect_pit, layout_cave_pools, orc_david_3
D:12:     layout_loops_ring, serial_shops, shop
D:13:     layout_rooms, nicolae_trove_entry_free_sample
D:14:     layout_cave_pods, erik_vaults_1, serial_shops, shop,
          serial_park_tiny_2, minmay_the_grid_square_5x5_3x3_mashed
          [minmay_the_grid_square_5x5_v, minmay_the_grid_square_5x5_bracketed,
          minmay_the_grid_square_5x5_forky, minmay_the_grid_square_5x5_seven,
          minmay_the_grid_square_5x5_megaprize_hollow,
          minmay_the_grid_square_5x5_comb, minmay_the_grid_square_5x5_plus,
          minmay_the_grid_square_5x5_longway,
          minmay_the_grid_square_5x5_detours], uniq_roxanne
D:15:     hangedman_depths_entry_try_elsewhere_first, layout_rooms,
          grunt_dithmenos_smoke, grunt_ministairs_1, hex_large,
          minmay_guarded_unrand_skullcrusher
Temple:   compressed_dpeg_circular_temple
Lair:1:   layout_loops_ring, grunt_megastairs_5, minmay_lair_oklob_chamber,
          uniq_erica
Lair:2:   layout_gridlike, worms_lemuel
Lair:3:   layout_long_grid, grunt_megastairs_2
Lair:4:   layout_misc_corridors, minmay_shoals_entry_centaurs,
          spider_nest_entry_webs, uniq_rupert
Lair:5:   layout_regular_city, minmay_slime_entry_oklob_open, minmay_holes,
          lookout_lair_type, infiniplex_staircase_pool_2, serial_bayou_shore_a,
          lemuel_fruit_tree
Lair:6:   hangedman_lair_caniforms_friends, layout_concentric_octagons,
          wormcave, minivault_25, st_stairs_10
Shoals:1: layout_shoals, regret_index_shoals_crete
Shoals:2: layout_shoals, serial_shops, shop, gammafunk_ghost_berserking_beasts
Shoals:3: layout_shoals, uniq_ilsuiw
Shoals:4: shoals_end_grunt_garden, layout_shoals, nicolae_shoals_water_shrine,
          uniq_polyphemus, uniq_donald
Spider:1: layout_spider_delve, portal_ice_cave_entry_dragon, uniq_jorgrun
Spider:2: layout_spider_delve, spiders_nest_hornet_nest, uniq_frances
Spider:3: gammafunk_its_a_trap, gammafunk_ghost_abyssal_escape,
          nicolae_spider_cling_ruins, uniq_agnes, uniq_arachne, uniq_azrael
Spider:4: grunt_spider_rune_parallel, spiders_nest_ghost_moth_duel,
          uniq_bai_suzhen, uniq_asterion
Slime:1:  layout_caves
Orc:1:    layout_caves, nicolae_orc_lost_temple
Orc:2:    st_orc_congregation, layout_caves, serial_shops, nicolae_shop_crystal,
          nicolae_orc_rockfall
Vaults:1: vaults_room_large_hall, hangedman_vaults_restitches,
          nicolae_vaults_network_periphery, v_misc_33, ontoclasm_vaults_twist,
          ontoclasm_vaults_shuriken, nicolae_vaults_angled_halls, v_misc_2,
          ontoclasm_vaults_fault, layout_vaults_omnigrid, serial_shops, shop
Vaults:2: ontoclasm_vaults_ring_large, nicolae_vaults_little_squares_3,
          minmay_crypt_entry_simple_corners, v_alt_pattern_1, vaults_room_pools,
          vaults_mumra_minichess, nicolae_vaults_mini_display_case,
          nicolae_vaults_rhombus_6, layout_vaults_big_room
Vaults:3: gammafunk_vaults_ghost_necromancy, ontoclasm_vaults_bender,
          hangedman_vaults_stitches, v_misc_24, ontoclasm_vaults_chip,
          v_misc_22, v_misc_1, vaults_room_fancy_cross, ontoclasm_vaults_tryst,
          v_pattern_4, layout_vaults_omnibox, infiniplex_enter_wizlab_water
Vaults:4: grunt_vaults_focal, nicolae_vaults_sealed_display, v_rooms_5,
          hangedman_vaults_trim, v_pattern_3, vaults_dpeg_diagonal,
          hangedman_vaults_nails, ontoclasm_vaults_decontamination,
          grunt_vaults_funnel, ontoclasm_vaults_idyll, v_misc_15,
          vaults_dpeg_spiral, nicolae_vaults_theta, vaults_room_pool, st_cells,
          layout_vaults_ring

Skill      XL: |  1  2  3  4  5  6  7  8  9 10 11 12 13 14 15 16 17 18 19 20 21 |
---------------+----------------------------------------------------------------+-----
Armour         | 4 5 6 7 8 10 11 12 13 14 15 16 17 18 19 20 | 20.0
Maces & Flails | 3 4 5 6 8 10 11 13 16 17 18 19 | 19.1
Fighting       | 4 5 6 7 9 10 12 13 14 16 18 19 20 21 22 | 22.7
Shields        | 4 5 6 7 9 10 12 14 15 16 17 | 17.4
Throwing       | 1 2 3 5 6 7 9 10 11 12 13 14 15 | 15.9
Dodging        | 5 8 10 11 12 13 | 13.4
Stealth        | 3 6 7 8 9 10 | 10.3

Action                   |  1- 3 |  4- 6 |  7- 9 | 10-12 | 13-15 | 16-18 | 19-21 || total
-------------------------+-------+-------+-------+-------+-------+-------+-------++-------
Melee: Flail             |    75 |    88 |    38 |       |       |       |       ||   201
       Headbutt          |    16 |    24 |    89 |   223 |   519 |   542 |   534 ||  1947
       Morningstar       |       |    84 |       |    74 |   954 |   864 |       ||  1976
       Mace              |       |    29 |   190 |       |       |       |       ||   219
       Whip              |       |       |   201 |   738 |   929 |       |       ||  1868
       Eveningstar       |       |       |       |       |       |   445 |       ||   445
       Demon whip        |       |       |       |       |       |   442 |  1598 ||  2040
Throw: Dart              |    11 |    33 |    11 |    16 |    11 |       |       ||    82
       Stone             |       |       |     4 |       |       |       |       ||     4
       Boomerang         |       |       |       |       |     5 |   129 |    89 ||   223
Invok: Trog's Hand       |       |       |     1 |    10 |     8 |    16 |    12 ||    47
       Berserk           |       |       |     1 |     3 |     4 |     2 |     2 ||    12
       Brothers in Arms  |       |       |       |       |     1 |       |       ||     1
Evoke: Wand              |       |       |     2 |       |       |     1 |       ||     3
  Use: Scroll            |       |       |    23 |     6 |     4 |    26 |     8 ||    67
       Potion            |       |       |     1 |     1 |     1 |     3 |     2 ||     8
 Stab: Distracted        |       |       |       |     1 |       |       |       ||     1
       Sleeping          |       |       |       |       |       |       |     6 ||     6
Armor: Scale mail        |    40 |    94 |    86 |       |       |       |       ||   220
       Plate armour      |       |       |   122 |   321 |   614 |   497 |       ||  1554
       Chain mail        |       |       |       |       |   128 |   111 |       ||   239
       Storm dragon scal |       |       |       |       |       |   198 |   374 ||   572
Dodge: Dodged            |    25 |    57 |    85 |   103 |   403 |   893 |   387 ||  1953
Block: Kite shield       |    46 |    99 |   234 |   349 |   967 |  1563 |   235 ||  3493
       Tower shield      |       |       |       |       |       |       |  1118 ||  1118
       Reflection        |       |       |       |       |       |       |    85 ||    85

Table legend: (Time is in decaauts)
 A = Elapsed time spent in this place.
 B = Non-inter-level travel time spent in this place.
 C = Inter-level travel time spent in this place.
 D = Time resting spent in this place.
 E = Time spent auto-exploring this place.
 F = Levels seen in this place.
 G = Mean time per level.
                   A        B        C        D        E       F      G
               +--------+--------+--------+--------+--------+-----+--------+
         Total |  47632 |  42276 |   5356 |   9281 |  18631 |  39 | 1221.3 |
       Dungeon |  20112 |  17287 |   2825 |   4151 |   7537 |  15 | 1340.8 |
        Temple |     85 |     77 |      8 |      0 |     74 |   1 |   85.0 |
          Lair |   7826 |   7002 |    824 |   1648 |   3452 |   6 | 1304.3 |
        Shoals |   3793 |   3542 |    251 |    642 |   1794 |   4 |  948.2 |
   Spider Nest |   5336 |   4763 |    573 |   1218 |   1761 |   4 | 1334.0 |
    Slime Pits |     22 |     22 |      0 |      0 |      0 |   1 |   22.0 |
  Orcish Mines |   2662 |   2220 |    442 |    298 |   1094 |   2 | 1331.0 |
        Vaults |   6433 |   6003 |    430 |    964 |   2666 |   4 | 1608.2 |
      Ice Cave |    606 |    606 |      0 |    200 |    104 |   1 |  606.0 |
        Wizlab |    751 |    751 |      0 |    158 |    146 |   1 |  751.0 |
               +--------+--------+--------+--------+--------+-----+--------+

Top non-repeatable levels by time:
    D:10: 2784 daAuts
     D:8: 2340 daAuts
     D:6: 2078 daAuts
   Orc:2: 1931 daAuts
    D:14: 1926 daAuts
Vaults:1: 1891 daAuts
  Lair:6: 1727 daAuts
Vaults:2: 1545 daAuts
Spider:3: 1541 daAuts
Spider:4: 1539 daAuts
Vaults:4: 1530 daAuts
Vaults:3: 1466 daAuts
  Lair:2: 1446 daAuts
     D:4: 1380 daAuts
     D:5: 1339 daAuts
